 Dungeon Crawl Stone Soup version 0.24.1-8-ga250c9d538 (webtiles) character file.

Game seed: 5521133484793024889, levelgen mode: deterministic

42 Hugehornet the Changer (level 3, -5/23 HPs)
             Began as an Octopode Transmuter on May 4, 2020.
             Slain by a worm (8 damage)
             ... on level 2 of the Dungeon.
             The game lasted 00:02:10 (1102 turns).

Hugehornet the Changer (Octopode Transmuter)        Turns: 1102, Time: 00:02:11

Health: -5/23      AC:  1    Str:  9    XL:     3   Next: 54%
Magic:  15/15      EV: 13    Int: 16    God:
Gold:   21         SH:  0    Dex: 12    Spells: 0/6 levels left

rFire    . . .     SeeInvis .     - Unarmed
rCold    . . .     Gourm    .   (no shield)
rNeg     . . .     Faith    .   (helmet restricted)
rPois    .         Spirit   .   b - amulet of rage
rElec    .         Reflect  .   (no ring)
rCorr    .         Harm     .   g - ring of magical power
MR       .....                  (no ring)
Stlth    ++........             (no ring)
HPRegen  0.07/turn              (no ring)
MPRegen  0.14/turn              (no ring)
                                (no ring)
                                (no ring)

@: appendage
A: almost no armour, stealthy swim, amphibious, 8 rings, constrict 8, tentacle
spike 3, camouflage 1, gelatinous body 1
a: End Transformation, Evoke Berserk Rage


You were on level 2 of the Dungeon.
You were hungry.
One of your tentacles had a temporary spike.
You visited 1 branch of the dungeon, and saw 2 of its levels.

You collected 21 gold pieces.

Inventory:

Missiles
 a - 18 arrows
Jewellery
 b - an amulet of rage (around mantle)
 g - a ring of magical power (right tentacle)
Scrolls
 i - a scroll of enchant weapon {unknown}
Potions
 d - 2 potions of curing {unknown}
 e - 2 potions of cancellation {unknown}
 h - a potion of mutation {unknown}
Comestibles
 c - 3 rations


   Skills:
 - Level 1.0 Fighting
 - Level 2.0 Dodging
 * Level 3.2 Unarmed Combat
 - Level 2.0 Spellcasting
 * Level 3.5 Transmutations
 + Level 0.4 Poison Magic


You couldn't memorise any spells.
You knew the following spells:

 Your Spells              Type           Power        Failure   Level  Hunger
a - Beastly Appendage     Tmut           ##....       4%          1    #......
b - Sticks to Snakes      Tmut           ##......     8%          2    ###....
c - Spider Form           Tmut/Pois      #.........   26%         3    ###....

Your spell library contained the following spells:

 Spells                   Type           Power        Failure   Level  Hunger
 Ice Form                 Ice/Tmut       #.......     69%         4    #####..
 Blade Hands              Tmut           ##........   80%         5    ######.


Dungeon Overview and Level Annotations

Branches:
Dungeon (2/15)

Altars:


Innate Abilities, Weirdness & Mutations

You cannot wear most types of armour.
You are very stealthy in the water. (Stealth+)
You are amphibious.
You can wear up to eight rings at the same time.
You can use your tentacles to constrict eight enemies at once.
Your skin changes colour to match your surroundings (Stealth+).
Your rubbery body absorbs attacks. (AC +1, EV +1)
One of your tentacles bears a large vicious spike.


Message History

* * * LOW HITPOINT WARNING * * *
You tentacle-slap the worm but do no damage.
The worm is severely wounded.
You constrict the worm. The bat closely misses you.
You tentacle-slap the worm. You squeeze the worm.
You kill the worm!
The bat misses you. The bat hits you but does no damage.
There is a stone staircase leading up here.
You tentacle-slap the worm. Your grab misses the worm.
The worm is moderately wounded.
The bat hits you but does no damage.
You tentacle-slap the worm. You grab the worm.
The worm is moderately wounded.
You constrict the worm. The bat closely misses you. The worm barely misses you.
You tentacle-slap the worm but do no damage.
You pierce the worm, but do no damage.
You squeeze the worm!
The worm is almost dead.
You constrict the worm. The bat barely misses you. The worm bites you!
You die...

.......................
##......).#.##.##.
....###... #..... ...
####.## .#.[ .. ...


You could see a worm and a bat.

Vanquished Creatures
  A worm (D:2)
  3 dart slugs (D:1)
  A ball python (D:1)
  2 giant cockroaches
  3 goblins
  5 hobgoblins
  2 jackals (D:1)
  3 kobolds
  A quokka (D:2)
  2 bats (D:1)
  2 frilled lizards (D:1)
  6 rats (D:1)
31 creatures vanquished.

Notes
Turn   | Place    | Note
-------+----------+-------------------------------------------
     0 | D:1      | Hugehornet the Octopode Transmuter began the quest for the
                  | Orb.
     0 | D:1      | Reached XP level 1. HP: 13/13 MP: 3/3
    41 | D:1      | Reached XP level 2. HP: 10/18 MP: 3/5
   224 | D:1      | Learned a level 2 spell: Sticks to Snakes
   363 | D:1      | You fall into a shaft and drop 1 floor!
   366 | D:2      | Reached XP level 3. HP: 22/23 MP: 4/6
   371 | D:2      | Learned a level 3 spell: Spider Form
  1102 | D:2      | Slain by a worm

Levels and vault maps discovered:
D:1:      tarquinn_simple_flora_water_b, layout_rooms
D:2:      layout_rooms, first_ration, uniq_terence

Skill      XL: |  1  2 |
---------------+-------+-----
Transmutations | 3 |  3.5
Fighting       | |  1.0
Dodging        | |  2.0
Unarmed Combat | |  3.2
Spellcasting   | |  2.0
Poison Magic   | |  0.4

Action                   || total
-------------------------++-------
Melee: Unarmed           ||    76
       Constrict         ||    22
       Kick              ||    15
       Tentacles         ||     8
       Punch             ||     2
 Cast: Beastly Appendage ||    17
  Use: Scroll            ||     2
 Stab: Sleeping          ||     2
Armor: Skin              ||    12
Dodge: Dodged            ||    71
